 Dungeon Crawl Stone Soup version 0.19-a0-687-g35db334 (webtiles) character file.

2891 st0uf the Chopper (level 9, -9/115 HPs)
             Began as a Black Draconian Fighter on June 18, 2016.
             Was a Believer of Pakellas.
             Mangled by an orc warrior
             ... wielding a +0 war axe
              (25 damage)
             ... in a bailey.
             The game lasted 00:35:25 (6185 turns).

st0uf the Chopper (Black Draconian Fighter)         Turns: 6185, Time: 00:35:26

Health: -9/115     AC:  8    Str: 24    XL:     9   Next: 48%
Magic:  4/12       EV: 14    Int:  8    God:    Pakellas [**....]
Gold:   303        SH: 11    Dex: 14    Spells: 0 memorised, 8 levels left

rFire  . . .     SeeInvis .     a - +0 war axe
rCold  . . .     Gourm    .     (armour unavailable)
rNeg   . . .     Faith    .     b - +0 shield
rPois  .         Spirit   .     (helmet restricted)
rElec  +         Dismiss  .     (no cloak)
rCorr  .         Reflect  .     (no gloves)
SustAt .         Harm     .     g - +0 pair of boots
MR     .....                    m - amulet of rage
Stlth  ..........               (no ring)
                                (no ring)

@: berserking (expiring), very quick, not resistant to hostile enchantments,
extremely unstealthy
A: breathe lightning, unfitting armour, electricity resistance, cold-blooded, AC
+7
a: Breathe Lightning, Quick Charge, Renounce Religion, Evoke Berserk Rage


You were in a bailey.
You worshipped Pakellas.
Pakellas was pleased with you.
You were not hungry.

You visited 2 branches of the dungeon, and saw 8 of its levels.
You also visited: Bailey.

You collected 303 gold pieces.

Inventory:

Hand Weapons
 a - a +0 war axe (weapon)
Missiles
 J - 13 tomahawks of returning (quivered)
Armour
 b - a +0 shield (worn)
 g - a +0 pair of boots (worn)
 C - a +0 pair of gloves
Jewellery
 m - an amulet of rage (around neck)
Wands
 r - a wand of heal wounds (9/9)
 y - a wand of paralysis (10/24)
 E - a wand of slowing (25/48)
 G - a wand of flame (17/48)
Scrolls
 e - 4 scrolls of identify
 f - 3 scrolls of blinking
 h - 2 scrolls of fog
 j - a scroll of immolation
 k - a scroll of remove curse
 l - a scroll of noise
 q - 2 scrolls of magic mapping
 u - 4 scrolls of teleportation {unknown}
 v - 3 scrolls of enchant weapon {unknown}
 H - a scroll of fear {unknown}
Potions
 c - a potion of might
 n - 3 potions of curing
 o - 3 potions of heal wounds {unknown}
 p - 4 potions of degeneration {unknown}
 s - 3 potions of lignification {unknown}
 t - a potion of haste {unknown}
 x - 2 potions of agility {unknown}
 z - 2 potions of magic {unknown}
 D - a potion of flight {unknown}
 I - a potion of brilliance {unknown}
 K - 2 potions of resistance
Comestibles
 d - 7 bread rations
 i - a slice of pizza
 w - a beef jerky
 A - a meat ration
 F - 4 fruits


   Skills:
 + Level 6.3 Fighting
 * Level 7.9 Axes
 + Level 0.1 Throwing
 + Level 6.6 Dodging
 + Level 5.6 Shields
 * Level 4.8 Evocations


You had 8 spell levels left.
You didn't know any spells.

Dungeon Overview and Level Annotations

Branches:
Dungeon (7/15)             Temple (1/1) D:4

Altars:
Ashenzari
Cheibriados
Dithmenos
Fedhas
Kikubaaqudgha
Nemelex Xobeh
Pakellas
Qazlal
Ru
Trog
Uskayaw
Vehumet
Xom
Yredelemnul
Zin
The Shining One

Shops:
D:6 [


Innate Abilities, Weirdness & Mutations

You can breathe wild blasts of lightning.
Your glossy black scales are hard. (AC +7)
Your body does not fit into most forms of armour.
You are resistant to electric shocks. (rElec)
You are cold-blooded and may be slowed by cold attacks.


Message History

Your soldier ant barely misses the orc warlord.
The orc warlord hits you with a war axe.
* * * LOW HITPOINT WARNING * * *
The orc warlord hits your soldier ant with a war axe.
You hit the orc warlord.
The orc warlord is heavily wounded.
You closely miss the orc warrior.
The orc warrior is moderately wounded.
The orc warrior closely misses you.
Your soldier ant stings the orc warlord.
Unknown command.
You barely miss the orc warlord.
The orc warlord is heavily wounded.
You barely miss the orc warrior.
The orc warrior is moderately wounded.
You block the orc warlord's attack.
The orc warlord barely misses your soldier ant.
The orc warrior hits you with a war axe!!
You die...
Pakellas says: Time to find a new assistant...

#...8......#########...
##......####≈≈≈#≈≈≈##..
##.....#≈≈#≈.....)≈#..
##....#≈........!o#..
#...##≈8.8...8.8##..
#...'≈≈........o#...
#.a.'≈≈....∩....#...
#..o)≈≈.........#...
#..@##≈8.8...8.8##..
##..o.#≈........!g#..
##.....#≈≈#≈.....=≈#..
##......#### ≈#≈≈≈##..
#...8......#########...
#..........'....÷)....8
#..........#≈≈≈≈≈#.....
##..8..8...#≈≈≈≈≈#.....
##.......##≈≈≈≈≈##...8


You could see an orc warlord, an orc warrior and a friendly soldier ant.

Vanquished Creatures
  Pikel (D:5)
  Duvessa (D:5)
  An orc warrior (Bailey)
  2 sky beasts (D:5)
  3 slaves (D:5)
  4 ice beasts
  A necrophage (D:7)
  5 ogres
  2 centaurs (D:6)
  A big kobold (D:7)
  A giant frog (D:5)
  Dowan (D:5)
  A scorpion (D:4)
  2 howler monkeys
  A centaur zombie (D:6)
  A jelly (D:7)
  5 orc wizards
  3 orc priests
  2 hounds
  An iguana (D:3)
  2 worker ants (D:5)
  2 hound zombies
  5 gnolls
  5 adders
  An adder zombie (D:7)
  2 worms
  3 dart slugs
  5 giant geckos
  33 orcs
  4 giant cockroaches
  15 goblins
  7 hobgoblins
  7 jackals
  2 quokkas
  3 ball pythons
  8 bats
  2 giant gecko skeletons
  5 giant newts
  A jackal skeleton (D:5)
  22 kobolds
  A quokka zombie (D:5)
  6 rats
180 creatures vanquished.

Vanquished Creatures (others)
  A giant cockroach (D:5)
  A quokka (D:5)
2 creatures vanquished.

Grand Total: 182 creatures vanquished

Notes
Turn   | Place    | Note
--------------------------------------------------------------
     0 | D:1      | st0uf the Draconian Fighter began the quest for the Orb.
     0 | D:1      | Reached XP level 1. HP: 19/19 MP: 1/1
   340 | D:1      | Reached XP level 2. HP: 26/26 MP: 2/2
  1242 | D:2      | Reached XP level 3. HP: 30/31 MP: 3/3
  1780 | D:3      | Reached XP level 4. HP: 40/40 MP: 4/4
  1817 | D:3      | Reached skill level 1 in Evocations
  2210 | D:4      | Found a staircase to the Ecumenical Temple.
  2222 | D:3      | Reached XP level 5. HP: 16/46 MP: 4/6
  2438 | Temple   | Entered the Ecumenical Temple
  2686 | Temple   | Became a worshipper of Pakellas the Inventive
  2740 | D:4      | Reached skill level 3 in Axes
  3065 | D:4      | Found a snail-covered altar of Cheibriados.
  3079 | D:4      | Found a blossoming altar of Fedhas.
  3354 | D:4      | Reached XP level 6. HP: 52/52 MP: 7/7
  3515 | D:5      | Entered Level 5 of the Dungeon
  3594 | D:5      | Noticed an ice beast
  3638 | D:5      | Noticed an ice beast
  3691 | D:5      | Killed an ice beast
  3691 | D:5      | Reached skill level 4 in Axes
  3759 | D:5      | Noticed Dowan
  3762 | D:5      | Noticed Duvessa
  3764 | D:5      | Your scales start taking on a glossy black colour.
  3764 | D:5      | Reached XP level 7. HP: 37/60 MP: 8/8
  3764 | D:5      | Gained mutation: You are resistant to electric shocks. (rElec) [Black Draconian growth]
  3788 | D:5      | Reached * piety under Pakellas
  3788 | D:5      | Received a gift from Pakellas
  3973 | D:5      | Killed Duvessa
  3986 | D:5      | Killed Dowan
  4045 | D:5      | Reached skill level 5 in Dodging
  4046 | D:5      | Found a shimmering altar of Xom.
  4106 | D:5      | Reached skill level 5 in Fighting
  4143 | D:5      | Reached skill level 5 in Axes
  4151 | D:5      | Found an oddly glowing altar of Pakellas.
  4225 | D:5      | Found a glowing silver altar of Zin.
  4431 | D:5      | Reached XP level 8. HP: 63/68 MP: 7/10
  4721 | D:5      | Reached skill level 6 in Axes
  4787 | D:6      | Noticed Pikel
  4864 | D:5      | Killed Pikel
  4864 | D:5      | Reached skill level 5 in Shields
  5098 | D:6      | Reached XP level 9. HP: 75/75 MP: 4/12
  5136 | D:6      | Found Poetis's Armour Emporium.
  5169 | D:6      | Reached skill level 7 in Axes
  5264 | D:6      | Found a stormy altar of Qazlal.
  5274 | D:6      | Found a shattered altar of Ashenzari.
  5779 | D:7      | Reached ** piety under Pakellas
  5779 | D:7      | Received a gift from Pakellas
  5788 | D:7      | Found a flagged portal.
  5798 | Bailey   | Entered a bailey
  5865 | Bailey   | Noticed an orc warlord
  6107 | Bailey   | Found a runed gate.
  6107 | Bailey   | Found a runed gate.
  6108 | Bailey   | Found a runed gate.
  6185 | Bailey   | Mangled by an orc warrior

Vault maps used:
D:1:      saegor_arrival_simple_a, hex_tiny
D:2:      first_bread
D:4:      kennysheep_little_box, minmay_temple_entry_purple_smoke,
          fedhas_altar_3
D:5:      xom_confusion_cloud, zin_academy, johnstein_pakellas_death_squad,
          uniq_duvessa
D:6:      nicolae_qazlal_general_emergency, basic_altar, serial_shops,
          nicolae_shop_temple_entry_statues_fountains, grunt_ministairs_1,
          minmay_misc_feat_plants, uniq_pikel
D:7:      led_sif_pool, elyvilon_altar_4, okawaru_ov_weapons_minmay,
          enter_bailey_2
Temple:   oiseaux_autumnal_temple_12
Bailey:   bailey_axe_bossmonster_kennysheep, bailey

Skill      XL: |  1  2  3  4  5  6  7  8  9 |
---------------+----------------------------+-----
Dodging        | 3 4 5 6 |  6.6
Evocations     | 1 2 3 4 |  4.8
Fighting       | 4 5 6 |  6.3
Axes           | 3 4 5 6 7 |  7.9
Shields        | 4 5 |  5.6
Throwing       | |  0.1

Action                   |  1- 3 |  4- 6 |  7- 9 || total
-------------------------+-------+-------+-------++-------
Melee: War axe           |   144 |   129 |   379 ||   652
       Tailslap          |    13 |    22 |    55 ||    90
Throw: Tomahawk          |       |       |    25 ||    25
Invok: Quick Charge      |       |       |    16 ||    16
 Abil: Evoke Berserk Rag |       |     1 |     4 ||     5
       Breathe Lightning |       |       |     1 ||     1
Evoke: Wand              |       |     5 |     3 ||     8
       Sack of spiders   |       |       |     1 ||     1
  Use: Scroll            |       |       |     7 ||     7
 Stab: Sleeping          |     1 |     1 |       ||     2
       Distracted        |       |       |     1 ||     1
  Eat: Chunk             |     3 |     7 |    11 ||    21
Armor: Skin              |    62 |    33 |    91 ||   186
Dodge: Dodged            |    79 |    74 |   200 ||   353
Block: Shield            |    80 |    67 |   198 ||   345
